 Dungeon Crawl Stone Soup version 0.29.1-1-gd02db6906a (webtiles) character file.

Game seed: 2504321981551152009

547 ben10mad the Chopper (level 7, -2/61 HPs)
             Began as a Hill Orc Fighter on Oct 10, 2022.
             Slain by a lemure (4 damage)
             ... led by Pikel
             ... on level 4 of the Dungeon.
             The game lasted 00:14:58 (4090 turns).

ben10mad the Chopper (Hill Orc Fighter)             Turns: 4090, Time: 00:14:58

Health: -2/61      AC: 12    Str: 21    XL:     7   Next: 28%
Magic:  7/7        EV:  7    Int:  8    God:
Gold:   196        SH:  4    Dex: 10    Spells: 6/6 levels left

rFire   . . .      SeeInvis +   a - +1 war axe
rCold   . . .      Faith    .   c - +0 buckler
rNeg    . . .      Spirit   .   g - +1 chain mail
rPois   .          Reflect  .   k - +0 helmet {SInv}
rElec   .          Harm     .   (no cloak)
rCorr   .          Rampage  .   (no gloves)
Will    .....                   (no boots)
Stlth   ..........              j - amulet of regeneration
HPRegen 0.00/turn               i - +4 ring of slaying
MPRegen 0.10/turn               (no ring)

@: attractive, inhibited regen
A: inhibited regeneration
a: no special abilities


You were on level 4 of the Dungeon.
You visited 1 branch of the dungeon, and saw 5 of its levels.

You collected 196 gold pieces.

Inventory:

Hand Weapons
 a - a +1 war axe (weapon)
Missiles
 h - a throwing net (quivered)
Armour
 c - a +0 buckler (worn)
 g - a +1 chain mail (worn)
 k - a +0 helmet of see invisible (worn)
Jewellery
 i - a +4 ring of slaying (left hand)
 j - an amulet of regeneration (around neck)
 r - a ring of protection from fire
Wands
 q - a wand of iceblast (12)
Scrolls
 e - a scroll of poison
 o - 2 scrolls of magic mapping
Potions
 b - 2 potions of flight
 d - a potion of might
 l - a potion of magic
 n - a potion of lignification
 p - a potion of brilliance
 s - 2 potions of curing {unknown}


   Skills:
 + Level 5.2 Fighting
 + Level 7.2 Axes
 + Level 5.0 Armour
 + Level 1.0 Dodging
 + Level 0.3 Stealth
 + Level 4.0 Shields


You had 6 spell levels left.
You didn't know any spells.
Your spell library contained the following spells:

 Spells                   Type           Power      Damage    Failure   Level
 Beastly Appendage        Tmut           0%         N/A       99%         1
 Shock                    Conj/Air       0%         1d3       99%         1
 Slow                     Hex            0%         N/A       99%         1
 Static Discharge         Conj/Air       0%         3-3/arc   100%        2
 Wereblood                Tmut           0%         N/A       100%        2
 Confusing Touch          Hex            0%         N/A       100%        3
 Spider Form              Tmut/Pois      0%         N/A       100%        3
 Summon Guardian Golem    Hex/Summ       0%         N/A       100%        3
 Swiftness                Air            0%         N/A       100%        3
 Vampiric Draining        Necr           0%         2d6       100%        3
 Airstrike                Air            0%         2d(0-16)  100%        4
 Dispel Undead            Necr           0%         3d6       100%        4
 Passage of Golubria      Tloc           0%         N/A       100%        4
 Sticky Flame             Conj/Fire      0%         2d3       100%        4
 Iskenderun's Battlesphe  Conj           0%         2d6       100%        5
 Silence                  Hex/Air        0%         N/A       100%        5
 Iron Shot                Conj/Erth      0%         9d1       100%        6
 Orb of Destruction       Conj           0%         9d5       100%        7
 Spellforged Servitor     Conj/Summ      0%         N/A       100%        7
 Lehudib's Crystal Spear  Conj/Erth      0%         10d2      100%        8


Dungeon Overview and Level Annotations

Branches:
Dungeon (5/15)
 Temple: D:4-7

Altars:
Gozag
Kikubaaqudgha
Makhleb
Qazlal
Xom
The Shining One

Annotations:
D:4 Pikel


Innate Abilities, Weirdness & Mutations

You do not regenerate when monsters are visible.


Message History

Aim: a lemure (almost dead, about 41% to evade your +1 war axe)
Okay, then.
Sorry, you're not good enough to have a special ability.
Aiming: Iceblast
Press: ? - help, Shift-Dir - straight line, f - Pikel
Aim: Pikel, wielding a +2 whip of freezing and wearing a +0 robe (heavily wounded)
Okay, then.
Unknown command.
You barely miss the lemure.
The lemure is almost dead.
You hit Pikel. You completely miss the lemure.
The lemure hits you but does no damage.
Pikel hits you with a +2 whip of freezing.
* * * LOW HITPOINT WARNING * * *
Pikel freezes you.
* * * LOW HITPOINT WARNING * * *
The lemure hits you but does no damage.
It was a potion of attraction.
You feel attractive to monsters. You block the lemure's attack.
Pikel barely misses you. The lemure barely misses you.
You hit the lemure.
The lemure is almost dead.
You barely miss Pikel. You closely miss the lemure.
The lemure hits you but does no damage.
Pikel hits you with a +2 whip of freezing.
* * * LOW HITPOINT WARNING * * *
Pikel freezes you.
* * * LOW HITPOINT WARNING * * *
The lemure hits you.
* * * LOW HITPOINT WARNING * * *
Read: 2 scrolls of poison
Press: ? - help, Q - select action, (/) - cycle Dir - look around, f - activate You can't see that place. [the floor.]
The air fills with toxic fumes!
As you read the scroll of poison, it crumbles to dust.
The lemure hits you but does no damage. Pikel barely misses you.
The lemure hits you.
You die...

################
#§§§§##§§§§§...#
#§§§§§.§§§§§...#
#§§§§§§§§§§§...#
#§§§§#§§§§§§...#
#§§5K5§§§§§§...###
#
#§§§@#........^..##
#
#§§§§#)........#..#
#
#§§§§#.##########.#
# #§§§§#)# #.###
######.# #.... #.#
#####.. #.###
#......
###...######......
#..>..............


You could see Pikel and 2 lemures.

Vanquished Creatures
  Eustachio (D:4)
  A lemure (D:5)
  A crimson imp (D:3)
  A hound (D:4)
  Natasha (thrice) (D:4)
  2 orc wizards (D:4)
  7 gnolls
  7 adders
  2 worms
  2 dart slugs
  8 orcs
  4 ball pythons
  4 bats
  6 endoplasms
  2 giant cockroaches
  4 goblins
  3 hobgoblins
  10 jackals
  2 quokkas
  4 frilled lizards
  11 kobolds
  7 rats
92 creatures vanquished.

Notes
Turn   | Place    | Note
-------+----------+-------------------------------------------
     0 | D:1      | ben10mad the Hill Orc Fighter began the quest for the Orb.
     0 | D:1      | Reached XP level 1. HP: 19/19 MP: 1/1
   189 | D:1      | Reached XP level 2. HP: 27/27 MP: 2/2
   202 | D:1      | Noticed a great orb of eyes
   203 | D:1      | Found a faded altar of an unknown god.
   246 | D:1      | Reached skill level 3 in Axes
   258 | D:1      | Noticed a floating eye
   264 | D:1      | Noticed a great orb of eyes
   264 | D:1      | Noticed a golden eye
   779 | D:2      | Reached XP level 3. HP: 33/33 MP: 3/3
  1341 | D:2      | Reached skill level 4 in Axes
  1341 | D:2      | Reached XP level 4. HP: 39/40 MP: 4/4
  1676 | D:3      | Found a burning altar of Makhleb.
  1676 | D:3      | Found a shimmering altar of Xom.
  1681 | D:3      | Reached skill level 5 in Axes
  1681 | D:3      | Reached XP level 5. HP: 42/46 MP: 5/5
  2337 | D:3      | Found a stormy altar of Qazlal.
  2493 | D:3      | Found an opulent altar of Gozag.
  2505 | D:3      | Found an ancient bone altar of Kikubaaqudgha.
  2761 | D:3      | Gained mutation: You do not regenerate when monsters are
                  | visible. [potion of mutation]
  3277 | D:4      | Found a glowing golden altar of the Shining One.
  3346 | D:4      | Reached XP level 6. HP: 53/53 MP: 6/6
  3592 | D:4      | Reached skill level 6 in Axes
  3597 | D:4      | Noticed Eustachio
  3641 | D:4      | Killed Eustachio
  3642 | D:4      | Reached skill level 5 in Fighting
  3642 | D:4      | Reached XP level 7. HP: 24/61 MP: 7/7
  3741 | D:4      | Noticed Natasha
  3746 | D:4      | Killed Natasha
  3747 | D:4      | Reached skill level 1 in Dodging
  3754 | D:4      | Reached skill level 7 in Axes
  3812 | D:4      | Noticed Natasha
  3816 | D:4      | Killed Natasha
  3888 | D:4      | Noticed Natasha
  3896 | D:4      | Killed Natasha
  3897 | D:4      | Reached skill level 5 in Armour
  4032 | D:4      | Identified a scroll of acquirement
  4032 | D:4      | Acquired a +0 helmet of see invisible
  4059 | D:5      | Entered Level 5 of the Dungeon
  4072 | D:5      | Noticed Pikel
  4089 | D:4      | HP: 2/61 [lemure[Pikel] (6)]
  4090 | D:4      | Slain by a lemure

Illustrated notes

Levels and vault maps discovered:
D:1:      pf_arrival_petrified_forest, layout_loops_ring,
          hellmonk_ecumenical_altar_watching_god, bh_walls_and_bars
D:2:      layout_loops_cross, kennysheep_cross_room
D:3:      layout_loops_cross, grunt_temple_overflow_champion_of_chaos,
          mainiacjoe_overflow_small_starburst, amethyst_overflow_temple_binary,
          chequers_serial_rivers_small_3, kennysheep_generic_room_10
D:4:      layout_rooms, nicolae_tso_carved_into_rock, uniq_natasha,
          uniq_eustachio
D:5:      layout_rooms, serial_corexii_hall, chequers_hall_statues_corner_a,
          corexii_hall_statues_x, corexii_hall_statues_i,
          corexii_hall_statues_x, uniq_pikel

Skill      XL: |  1  2  3  4  5  6  7 |
---------------+----------------------+-----
Axes           | 3 4 5 6 7 |  7.2
Fighting       | 4 5 |  5.2
Armour         | 4 5 |  5.0
Dodging        | 1 |  1.0
Shields        | 4 |  4.0
Stealth        | |  0.3

Action                   |  1- 3 |  4- 6 |  7- 9 || total
-------------------------+-------+-------+-------++-------
Melee: War axe           |    75 |   144 |    33 ||   252
  Use: Scroll            |     3 |     7 |     4 ||    14
       Potion            |       |     2 |     1 ||     3
Armor: Chain mail        |    53 |    70 |    23 ||   146
       Scale mail        |     4 |       |       ||     4
Dodge: Dodged            |    28 |    48 |    12 ||    88
Block: Buckler           |    10 |    37 |     9 ||    56
